cohdb
Replays
Latest Replays
All Replays
Popular Replays
Top Player Replays
Match Explorer
How It Works
Community
CoH3 Stats
Reddit
Sign in to upload your games and track your stats! →
Sign in with Steam
Match 41643653
Unlisted
Match 41643653
Overview
Messages
Build Orders
End
Selects Heavy Weapons
Construct Weapon Support Center
M1919 Machine Gun Team
M1919 Machine Gun Team
Bazooka Squad
Bazooka Squad
Infantry Support Center
Selects M2HB .50cal Heavy Machine Gun
Construct Motor Pool
M8 Greyhound Armored Car
Bazooka Squad
Engineer Squad
.30 cal Machine Gun
Forward Retreat Point
.30 cal Machine Gun
Mortar Pit
Construct Tank Depot
TidaL
cramade
akstpwkd153
CPU - Hard
CPU - Hard
CPU - Hard
0
0
Comments
sign in to comment!
No comments posted yet!